 Dungeon Crawl Stone Soup version 0.20-a0-731-gecde0bf (webtiles) character file.

77 KristoblXynda the Charlatan (level 4, 0/21 HPs)
             Began as a Spriggan Artificer on Feb 22, 2017.
             Slain by KristoblXynda's ghost (12 damage)
             ... on level 3 of the Dungeon.
             The game lasted 00:03:51 (2460 turns).

KristoblXynda the Charlatan (Spriggan Artificer)    Turns: 2460, Time: 00:03:52

Health: 0/21       AC:  2    Str:  8    XL:     4   Next: 13%
Magic:  8/8        EV: 18    Int: 13    God:
Gold:   108        SH:  0    Dex: 16    Spells: 3/3 levels left

rFire    . . .     SeeInvis +   a - +0 short sword
rCold    . . .     Gourm    .   b - +0 robe
rNeg     . . .     Faith    .   (shield restricted)
rPois    .         Spirit   .   (helmet restricted)
rElec    .         Reflect  .   (no cloak)
rCorr    .         Harm     .   (gloves unavailable)
MR       .....                  (boots unavailable)
Stlth    +++.......             (no amulet)
Regen    0.1/turn               (no ring)
MPRegen  0.2/turn               (no ring)

@: very quick
A: unfitting armour, see invisible, herbivore 3, speed 3, slow metabolism 2
a: no special abilities


You were on level 3 of the Dungeon.
You were not hungry.

You visited 1 branch of the dungeon, and saw 3 of its levels.

You collected 108 gold pieces.

Inventory:

Hand Weapons
 a - a +0 short sword (weapon)
Armour
 b - a +0 robe (worn)
Jewellery
 l - a +1 ring of evasion {unknown}
Wands
 c - a wand of flame (8/48)
 d - a wand of enslavement (15/24)
 e - a wand of random effects (9/48)
 o - a wand of flame (37/48)
Scrolls
 j - 3 scrolls of identify
 k - a scroll of fear {unknown}
Potions
 g - a potion of magic {unknown}
 h - 3 potions of curing
 i - a potion of mutation {unknown}
 n - a potion of berserk rage {unknown}
Comestibles
 f - 2 bread rations


   Skills:
 - Level 0.7 Fighting
 + Level 2.6 Short Blades
 - Level 3.0 Dodging
 + Level 4.0 Stealth
 + Level 4.9 Evocations


You had 3 spell levels left.
You didn't know any spells.

Dungeon Overview and Level Annotations

Branches:
Dungeon (3/15)

Altars:

Annotations:
D:3 KristoblXynda's ghost, amateur MiFi


Innate Abilities, Weirdness & Mutations

You are very small and have problems with some larger weapons.
You are too small for most types of armour.
You have supernaturally acute eyesight. (SInv)
You are a herbivore.
You cover ground extremely quickly.
You need consume almost no food.


Message History

Evoke which item? (* to show all) (? for menu, Esc to quit)
Aiming: Random Effects
Press: ? - help, Shift-Dir - straight line, f/p - KristoblXynda's ghost
Aim: KristoblXynda's ghost (lightly damaged, slightly transparent) KristoblXynda's ghost resists with significant effort.
This wand has 11 charges left.
Evoke which item? (* to show all) (? for menu, Esc to quit)
Aiming: Random Effects
Press: ? - help, Shift-Dir - straight line, f/p - KristoblXynda's ghost
Aim: KristoblXynda's ghost (lightly damaged, slightly transparent) KristoblXynda's ghost looks slightly unstable.
This wand has 10 charges left.
Evoke which item? (* to show all) (? for menu, Esc to quit)
Aiming: Random Effects
Press: ? - help, Shift-Dir - straight line, f/p - KristoblXynda's ghost
Aim: KristoblXynda's ghost (lightly damaged, slightly transparent) KristoblXynda's ghost resists with significant effort.
This wand has 9 charges left.
KristoblXynda's ghost hits you!
Ouch! That really hurt!
You die...

......#######...##
.....>.......<...#
.......#..###........
.....).##.# ##.######
.....<..#.####..########
..#####)...............#
.......#.#[......# ....(
#.####...........#....$.
...............W@.......
#.########.......#......
#.. #........# ##### ##.
..........# #
####........ #.......##
#########


You could see KristoblXynda's ghost (invisible).

Vanquished Creatures
  2 adders (D:2)
  3 oozes
  A dart slug (D:1)
  6 leopard geckos
  3 goblins
  3 hobgoblins
  2 jackals (D:1)
  A quokka (D:2)
  4 bats
  9 kobolds
  4 rats
38 creatures vanquished.

Notes
Turn   | Place    | Note
-------+----------+-------------------------------------------
     0 | D:1      | KristoblXynda the Spriggan Artificer began the quest for the Orb.
     0 | D:1      | Reached XP level 1. HP: 9/9 MP: 4/4
   428 | D:1      | Reached XP level 2. HP: 4/14 MP: 6/6
  1217 | D:2      | Reached XP level 3. HP: 10/17 MP: 7/7
  2079 | D:3      | Reached XP level 4. HP: 14/21 MP: 8/8
  2350 | D:3      | Noticed KristoblXynda's ghost (amateur MiFi)
  2460 | D:3      | Slain by KristoblXynda's ghost

Vault maps used:
D:1:      lightli_arrival_chessboard
D:2:      serial_forest, infiniplex_forest_clump_diagonal,
          infiniplex_forest_zigzag_1, infiniplex_forest_lined_ring,
          infiniplex_forest_clump_medium, infiniplex_forest_straight_2,
          infiniplex_forest_straight_3, infiniplex_forest_lined_corner,
          infiniplex_forest_corner_2, minmay_misc_feat_nine_boxes,
          mrwooster_statue_mirror, serial_bayou_lake_a
D:3:      first_bread

Skill      XL: |  1  2  3  4 |
---------------+-------------+-----
Stealth        | 2 3 4 |  4.0
Short Blades   | 2 |  2.6
Fighting       | |  0.7
Dodging        | |  3.0
Evocations     | |  4.9

Action                   |  1- 3 |  4- 6 || total
-------------------------+-------+-------++-------
Melee: Short sword       |   103 |    26 ||   129
Evoke: Wand              |     6 |     9 ||    15
  Use: Scroll            |       |     2 ||     2
 Stab: Sleeping          |     5 |       ||     5
Armor: Robe              |    10 |     2 ||    12
Dodge: Dodged            |    89 |    23 ||   112
